[Event "Late-Titled-Tuesday-Blitz-May-07-2024"]
[Site "Chess.com"]
[Date "2024.05.07"]
[Round "11"]
[White "ozates"]
[Black "kingofthenil"]
[Result "0-1"]
[WhiteElo "2653"]
[BlackElo "2836"]
[TimeControl "180+1"]
[EndTime "16:08:02 PDT"]
[Termination "kingofthenil won by resignation"]

1. e4 Nc6 2. Nf3 d5 3. exd5 Qxd5 4. Nc3 Qh5 5. Nb5 Kd8 6. d4 Bg4 7. c4 e6 8. Be2 Nf6 9. Bf4 Bb4+ 10. Kf1 Rc8 11. a3 Be7 12. Ne5 Bxe2+ 13. Qxe2 Qxe2+ 14. Kxe2 Nxe5 15. dxe5 Nd7 16. Rad1 a6 17. Nc3 Ke8 18. Ne4 Nb6 19. Rc1 f5 20. exf6 gxf6 21. Rhe1 Kf7 22. Be3 Rhd8 23. Rc2 Nd7 24. f4 Nb8 25. Rf1 Nc6 26. Rf3 Nd4+ 27. Bxd4 Rxd4 28. Nf2 Rcd8 29. Nd3 Re4+ 30. Kf2 Rdd4 31. c5 Rc4 32. Rxc4 Rxc4 33. b4 a5 34. g4 Kg7 35. h4 Rc3 36. Re3 Rxa3 37. Rxe6 Kf7 38. Re3 axb4 39. Kf3 Rc3 40. g5 Bxc5 41. Nxc5 Rxc5 42. Rd3 Rc3 43. Ke4 Rxd3 44.
Kxd3 fxg5 45. hxg5 Ke6 46. Ke4 b3 47. f5+ Ke7 48.
Kd3 c5 49. Kc3 c4 50. Kb2 b6 51. Kc3 b5 52. Kb2 b4 53. Kb1 c3 54. Kc1 Kd6 55.
Kb1 Ke5 56. f6 Ke6 57. Kc1 h6 58. gxh6 Kxf6 59. h7 Kg7 60. Kb1 Kxh7 61. Kc1 Kg6 62. Kb1 Kf6 63. Kc1 Ke6 64. Kb1 Kd6 65. Kc1 Kc6 66. Kb1 Kb6 67. Kc1 Ka6 68. Kb1 Ka7 69. Kc1 Kb7 70. Kb1 Kc7 71. Kc1 Kd7 72. Kb1 Ke7 73.
Kc1 Kf7 74. Kb1 Kg7 75. Kc1 Kh7 76. Kb1 Kh6 77. Kc1 Kh5 78. Kb1 Kg4 79. Kc1 Kf3 80.
Kb1 b2 0-1

[Event "Late-Titled-Tuesday-Blitz-May-07-2024"]
[Site "Chess.com"]
[Date "2024.05.07"]
[Round "11"]
[White "Olkaa"]
[Black "Vincefm"]
[Result "1-0"]
[WhiteElo "2609"]
[BlackElo "2494"]
[TimeControl "180+1"]
[EndTime "16:08:06 PDT"]
[Termination "Olkaa won by resignation"]

1. e4 c6 2. d4 d5 3. Nd2 dxe4 4. Nxe4 Nf6 5. Nxf6+ exf6 6. c3 Bd6 7. Bd3 O-O 8. Ne2 Re8 9. Qc2 h5 10. O-O h4 11. Bf4 Na6 12. h3 Nc7 13. Qd2 Nd5 14. Bxd6 Qxd6 15. Rae1 b5 16. Nc1 Be6 17. f4 Nb6 18.
Qf2 f5 19. Qxh4 g6 20. Re5 Kg7 21. Rfe1 Nd7 22. R5e2 Nf6 23. Nb3 Rh8 24. Qf2 Bxb3 25. axb3 c5 26. Re5 cxd4 27. Qxd4 Qxd4+ 28. cxd4 Rhd8 29. Bxb5 Rxd4 30. Re7 Rxf4 31. Bc4 Rf8 32. Rxa7 Ne4 33. Rd1 Ng5 34. Re7 Re4 35. Rdd7 Rxe7 36. Rxe7 Rd8 37. h4 Rd1+ 38. Kh2 Ne4 39. Rxf7+ Kh6 40. Re7 Nf2 41. Kg3 Ne4+ 42. Kf4 Rd2 43. Bg8 Rf2+ 44. Ke3 Kh5 45. Rxe4 Rxb2 46. Rd4 Rxg2 47. Bd5 Rg3+ 48. Kf2 Rc3 49.
Bf3+ Kh6 50. b4 Rb3 51. Be2 Rb2 52. b5 Kg7 53. Rd6 Kf7 54. b6 Ke7 55. Rxg6 f4 56. h5 f3 57. Kxf3 Rb3+ 58. Kf2 Rb2 59.
h6 Kf7 60. Rc6 Rb4 61. h7 Rh4 62. Bd3 Rh2+ 63. Ke3 Rh3+ 64. Kd2 Ke7 65. b7 Kd7 66. Rc8 Rh2+ 67. Kc3 Kd6 1-0

[Event "Late-Titled-Tuesday-Blitz-May-07-2024"]
[Site "Chess.com"]
[Date "2024.05.07"]
[Round "11"]
[White "Iuckyducky"]
[Black "chess_sharparchitect"]
[Result "1-0"]
[WhiteElo "2289"]
[BlackElo "2296"]
[TimeControl "180+1"]
[EndTime "16:08:07 PDT"]
[Termination "Iuckyducky won on time"]

1. e4 c5 2. Nf3 d6 3. c3 Nf6 4. h3 g6 5. Bd3 Bg7 6. Bc2 e5 7. O-O O-O 8. d4 Qe7 9. dxe5 dxe5 10. Bg5 h6 11. Be3 Nc6 12. a4 Be6 13. Nbd2 Rad8 14. Qe2 b6 15. a5 Nxa5 16. Nxe5 Nh5 17. Nef3 Nc6 18. Rfd1 a5 19. Nf1 Ne5 20. Nxe5 Bxe5 21. Bxh6 Rxd1 22. Rxd1 Rd8 23. Qe3 Rxd1 24. Bxd1 Ng7 25.
f4 Bc7 26. Qd2 c4 27. Bg5 Qc5+ 28. Kh1 b5 29. Bd8 Bd6 30. Bxa5 Qc6 31. e5 Be7 32. Kh2 Nf5 33. Bd8 Bc5 34. Bg5 Qc7 35. Qd8+ Qxd8 36.
Bxd8 Kf8 37. g3 b4 38. Ba5 bxc3 39. Bxc3 Ke7 40. Kg2 Ng7 41. g4 Ne8 42. Kf3 Bd5+ 43. Kg3 Nc7 44. Bd2 Nb5 45. Ne3 Be6 46. f5 gxf5 47.
gxf5 Bxe3 48. Bxe3 Bxf5 49. Bc5+ Ke6 50. Bh5 Kxe5 51.
Bxf7 Nd4 52. Bxc4 Ne6 53. Bf2 Nd4 54. Bxd4+ Kxd4 55. b3 Kc3 56. h4 Bg6 57. Kf4 Bh7 58. Kg5 Kd4 59. h5 Ke5 60. Kh6 Be4 61. Kg7 Kd6 62. h6 Ke7 63. h7 Ke8 64. h8=Q+ 1-0

[Event "Late-Titled-Tuesday-Blitz-May-07-2024"]
[Site "Chess.com"]
[Date "2024.05.07"]
[Round "11"]
[White "alexrustemov"]
[Black "kemelgallo"]
[Result "1-0"]
[WhiteElo "2897"]
[BlackElo "2668"]
[TimeControl "180+1"]
[EndTime "16:08:10 PDT"]
[Termination "alexrustemov won by resignation"]

1. d4 Nf6 2. c4 e6 3. Nf3 d5 4. Nc3 Nbd7 5. Bg5 Be7 6. e3 h6 7. Bh4 O-O 8. Qc2 c5 9. dxc5 Nxc5 10. Rd1 Qa5 11. Nd2 Rd8 12. a3 dxc4 13. Bxc4 Qc7 14.
Bg3 Qc6 15. O-O a6 16. b4 b5 17. Be2 Na4 18. Bf3 Qxc3 19. Qxc3 Nxc3 20. Bxa8 Nxd1 21. Rxd1 Nd5 22. Nb3 Nb6 23. Rxd8+ Bxd8 24. Bc6 Be7 25. Na5 Bf6 26. Bc7 Nd5 27. Bxd5 exd5 28. Nc6 Bb7 29.
Ne5 Bxe5 30. Bxe5 f6 31. Bd4 Kf7 32. Kf1 Ke6 33. Ke2 g6 34. Kd3 f5 35. f3 Bc8 36.
Bg7 h5 37. Kd4 Kd6 38. Bf8+ Ke6 39. Kc5 g5 40. Bg7 g4 41. Bd4 Bb7 42. Kb6 Bc8 43.
Kc7 Bd7 44. Kb7 Be8 45. Kxa6 gxf3 46. gxf3 f4 47. exf4 Kf5 48. Be5 d4 49. Bxd4 Kxf4 50. Ka5 Kxf3 51. Bf6 Kg2 52. h4 Kf3 53. a4 bxa4 54. b5 Ke4 55. Kxa4 Kd5 56. Ka5 Kd6 57. b6 Bc6 58. Ka6 Ke6 59. Bg5 Kd7 60. b7 Kc7 61. Bf4+ 1-0

[Event "Late-Titled-Tuesday-Blitz-May-07-2024"]
[Site "Chess.com"]
[Date "2024.05.07"]
[Round "11"]
[White "JaackCamel"]
[Black "rionelG"]
[Result "1-0"]
[WhiteElo "2209"]
[BlackElo "2255"]
[TimeControl "180+1"]
[EndTime "16:08:13 PDT"]
[Termination "JaackCamel won by checkmate"]

1. d4 d5 2. c4 e6 3. Nc3 Nf6 4. cxd5 exd5 5. Bg5 c6 6. e3 Be7 7. Bd3 h6 8. Bh4 Ne4 9. Bxe7 Qxe7 10. Bxe4 dxe4 11.
Nge2 O-O 12. O-O Bg4 13. h3 Bh5 14. Qb3 b6 15. Nf4 Qg5 16. Nxe4 Qh4 17. Ng3 g6 18. Ngxh5 gxh5 19. Rac1 Kh8 20. d5 cxd5 21. Qxd5 Na6 22. Rc6 Qg5 23. Qd4+ Kg8 24. b4 Rad8 25. Qc3 Nb8 26. Rc7 a6 27. Rc1 Nd7 28. a4 Ne5 29. Kh2 Rde8 30. a5 bxa5 31. bxa5 Qh4 32. Rc2 Ng4+ 33.
Kg1 Ne5 34. Rc5 Qg5 35. Kh2 Qg7 36. Qd4 Rd8 37. Qe4 Rde8 38. Qf5 Ng6 39. Nxh5 Qh8 40.
Nf6+ Kg7 41. Nxe8+ Rxe8 42. Rc7 Rf8 43. Ra7 Kg8 44.
Rcc7 Qg7 45. g3 Nh8 46. h4 Qb2 47. Qg4+ Kh7 48. Qf5+ Kg8 49. h5 Qe2 50. Qf4 Qxh5+ 51. Kg2 Qd1 52. Rc6 Qd5+ 53. Qf3 Qxa5 54. Raxa6 Ng6 55.
Rxa5 Ne5 56. Qf5 Nxc6 57. Ra6 Ne7 58. Qf6 Ng6 59. Ra5 Kh7 60. Ra7 Kg8 61. f4 Nh8 62.
Qxh6 Ng6 63. f5 Nh8 64. f6 Re8 65. Qg7# 1-0

[Event "Late-Titled-Tuesday-Blitz-May-07-2024"]
[Site "Chess.com"]
[Date "2024.05.07"]
[Round "11"]
[White "Tibmat"]
[Black "Akhayan"]
[Result "0-1"]
[WhiteElo "2654"]
[BlackElo "2440"]
[TimeControl "180+1"]
[EndTime "16:08:14 PDT"]
[Termination "Akhayan won by checkmate"]

1. c4 e5 2. g3 Nf6 3. Bg2 c6 4. d4 exd4 5. Qxd4 d5 6. Nf3 Be6 7. cxd5 cxd5 8. O-O Nc6 9. Qa4 Bc5 10. Nc3 O-O 11. Bg5 h6 12. Bxf6 Qxf6 13. Rad1 Bb6 14. Qb5 Rfe8 15. Na4 Ne5 16. Nxe5 Qxe5 17. e3 Red8 18.
Nxb6 axb6 19. a3 Rd6 20. Rd4 Rad8 21. Rfd1 Qh5 22. e4 Bg4 23. Rc1 Be2 24. Qb4 Bf3 25. exd5 Bxg2 26. Kxg2 Rxd5 27. Rxd5 Qxd5+ 28. Kg1 b5 29. Qc5 Qd2 30. Qc3 Qd5 31. h4 h5 32.
Re1 g6 33. Qe5 Qd2 34. Kg2 b4 35. Re2 Qd1 36. axb4 Rc8 37. Qe3 Rc1 38. Qe8+ Kg7 39. Qe5+ Kh7 40. Kf3 Qh1+ 41. Ke3 Qc6 42. Qf4 Qb6+ 43. Kf3 Qc6+ 44. Qe4 Qd7 45. Kg2 Qd1 46. Kf3 Qh1+ 47. Ke3 Qd1 48. Qf4 Qd5 49. Qe4 Qb3+ 50. Kf4 Rc4 51. Kg5 Rxe4 52. Rxe4 Qxb2 53. Kf4 Qc1+ 54.
Ke5 Qa1+ 55. Kd5 Kg7 56. Rf4 Qa2+ 57. Kc5 Qc2+ 58. Kb6 Qc6+ 59. Ka5 Qa6# 0-1

[Event "Late-Titled-Tuesday-Blitz-May-07-2024"]
[Site "Chess.com"]
[Date "2024.05.07"]
[Round "11"]
[White "Cambek64"]
[Black "PapaieDudu"]
[Result "0-1"]
[WhiteElo "2505"]
[BlackElo "2386"]
[TimeControl "180+1"]
[EndTime "16:08:14 PDT"]
[Termination "PapaieDudu won on time"]

1. e4 c5 2. Nc3 a6 3. a4 e6 4.
f4 d5 5. Nf3 d4 6. Nb1 Nf6 7. d3 Be7 8. Nbd2 O-O 9. Nc4 b6 10. g3 Bb7 11. Bg2 Nc6 12. O-O Re8 13. h3 b5 14. Ncd2 c4 15. g4 cxd3 16. cxd3 Nb4 17.
Nb3 bxa4 18. Rxa4 Bc6 19. Ra1 Bb5 20. Ne1 Nd7 21. Rf3 Nc5 22. Bf1 Qb6 23. Nxc5 Qxc5 24.
Bd2 Rec8 25. Rc1 Qb6 26. Be2 Na2 27. Rxc8+ Rxc8 28. Qa1 Bb4 29. Bxb4 Nxb4 30. Qa3 a5 31. Kf2 Rc1 32. Qb3 Qc5 33. f5 e5 34. g5 Ra1 35.
g6 Qe7 36. Ng2 a4 37. Qxf7+ Qxf7 38. gxf7+ Kxf7 39. Rg3 Rb1 40. Nh4 Rxb2 41. Nf3 Nxd3+ 42. Kf1 Rb1+ 43. Kg2 Nf4+ 44. Kf2 Bxe2 45. Nxe5+ Kf6 46. Nd7+ Ke7 47. Rxg7+ Kd8 48. f6 Rf1+ 49. Kg3 Nh5+ 50. Kh2 Nxf6 51. Nxf6 Rxf6 52. Rxh7 d3 53. Rh8+ Kd7 54.
Rh7+ Kc6 55. Rh8 d2 56. Rd8 Rd6 57. Rc8+ Kd7 0-1

[Event "Late-Titled-Tuesday-Blitz-May-07-2024"]
[Site "Chess.com"]
[Date "2024.05.07"]
[Round "11"]
[White "KNVB"]
[Black "Vazabanga"]
[Result "1-0"]
[WhiteElo "2794"]
[BlackElo "2687"]
[TimeControl "180+1"]
[EndTime "16:08:22 PDT"]
[Termination "KNVB won on time"]

1. a4 d5 2. Ra3 e5 3. b3 Bxa3 4. Nxa3 Nf6 5. Bb2 Nbd7 6. e3 O-O 7. Ne2 Re8 8. Ng3 c6 9. d3 Nf8 10. Nb1 Bg4 11. f3 Bd7 12. Nd2 Ng6 13. h4 d4 14. h5 dxe3 15. Nc4 Nf4 16. h6 N6d5 17. Qc1 Qg5 18. Ne4 Nxg2+ 19. Kd1 e2+ 20. Bxe2 Qxc1+ 21. Bxc1 f5 22. Ned6 Re7 23. Bg5 Re6 24. hxg7 b5 25.
axb5 cxb5 26. Rh2 bxc4 27. Nxc4 Ngf4 28. Bf1 Rae8 29. Kd2 Rg6 30. Bh4 Kxg7 31. b4 Nxb4 32. Bf2 a6 33. Bc5 Nbd5 34. Bd6 Rge6 35. Rh1 Bb5 36. Rg1+ Kh8 37. Bc5 Bxc4 38. dxc4 Nf6 39. Be3 Rd8+ 40. Kc3 Ng6 41. Bh3 Rc6 42. Bxf5 Nd5+ 43.
Kd2 Nde7+ 44. Bd3 Rxc4 45. Ke2 Rc6 46. Bg5 Nf4+ 47. Kf1 Re8 48. Be4 Re6 49. Rh1 Neg6 50. Kf2 Rd6 51. Kg3 Kg7 52. Kg4 Rc8 53. Bh6+ Kf7 54.
Bg5 Rc4 55. Rxh7+ Kg8 56. Ra7 Rxe4 57. fxe4 Rc6 58. Kf5 Ne2 59. Bf6 Nf8 60. Rg7+ Kh8 61. Rg2+ Kh7 62. Rh2+ Kg8 63. Rxe2 Kf7 64. Bxe5 Nd7 65.
Bd4 Rc4 66. c3 Ke7 67. e5 Nc5 68. Rh2 Nd3 69. Rh7+ Ke8 70. e6 Nc5 71. Bf6 1-0

[Event "Late-Titled-Tuesday-Blitz-May-07-2024"]
[Site "Chess.com"]
[Date "2024.05.07"]
[Round "11"]
[White "ChristopherYoo"]
[Black "Sanan_Sjugirov"]
[Result "1-0"]
[WhiteElo "3005"]
[BlackElo "3021"]
[TimeControl "180+1"]
[EndTime "16:08:23 PDT"]
[Termination "ChristopherYoo won on time"]

1. e4 c5 2. Nf3 Nc6 3. Bb5 g6 4.
Bxc6 dxc6 5. d3 Qc7 6. a4 e5 7. a5 f6 8. Nbd2 Be6 9. Nc4 Nh6 10. Qe2 Nf7 11. O-O Be7 12. Ne1 g5 13. Qh5 O-O 14. h4 Qd7 15. hxg5 fxg5 16. Ne3 Nd6 17. Nf3 Qe8 18. Qxe8 Raxe8 19. Nxe5 Bf6 20. N3g4 Bg7 21. Be3 h5 22. Bxc5 Rd8 23. Ng6 hxg4 24. Nxf8 Bxf8 25. Bxa7 Ra8 26. Bc5 Nb5 27. Bxf8 Kxf8 28. f4 gxf3 29. Rxf3+ Ke7 30. Rf2 Nd4 31. e5 c5 32. c3 Nc6 33.
Re2 Bb3 34. e6 Bxe6 35. Rae1 Nd8 36. Re5 Rxa5 37. Rxg5 Kd6 38. d4 b6 39. dxc5+ bxc5 40. Rd1+ Ke7 41. b4 Ra2 42. Rxc5 Nf7 43. Rc7+ Kf6 44. Rf1+ Kg6 45. Rc6 Ng5 46. c4 Kh5 47. b5 Bg4 48. b6 Rb2 49. Rf2 Rb1+ 50. Kh2 Ne4 51. Rf4 Ng5 52. Rf8 Bd7 53. Rh8+ Kg4 54. Rd6 Bf5 55. Rd4+ Be4 56. Rh6 Kf5 57. Rh4 Bb7 58.
c5 Ne6 59. Rd7 Bc6 60. Rd6 Bb7 61. Rh5+ Kg4 62. Re5 Nf4 63. Rd8 Rb2 64. Rg8+ Kh4 65. Re7 Bxg2 66. Rh7+ Nh5 67. Rxg2 Rb3 68. Rc2 Kg5 69.
Rxh5+ Kxh5 70. c6 1-0

[Event "Late-Titled-Tuesday-Blitz-May-07-2024"]
[Site "Chess.com"]
[Date "2024.05.07"]
[Round "11"]
[White "DeTimmerman"]
[Black "Szparu"]
[Result "1-0"]
[WhiteElo "2778"]
[BlackElo "2888"]
[TimeControl "180+1"]
[EndTime "16:08:25 PDT"]
[Termination "DeTimmerman won by resignation"]

1. b4 c6 2. Bb2 a5 3. b5 cxb5 4. e4 b4 5. a3 Nf6 6. e5 Nd5 7. axb4 Nxb4 8. c3 N4c6 9. d4 d5 10. Bd3 e6 11. Ba3 Ne7 12. Ne2 Nbc6 13. h4 Nf5 14. h5 f6 15. Bxf5 exf5 16. exf6 Qxf6 17. Nf4 Bxa3 18. Nxa3 O-O 19. O-O Rd8 20. Qf3 Qd6 21. Nb5 Qe7 22. Nxd5 Qf7 23. Nf4 Bd7 24. Nd6 Qf6 25.
Nxb7 Rdb8 26. Nc5 Be8 27. Rfe1 Qf8 28. Nfe6 Qf7 29. Ng5 Qf6 30. Qd5+ Kh8 31. Rxe8+ Rxe8 32. Nf7+ Kg8 33. Nd6+ Kh8 34. Nxe8 Rxe8 35. Nb7 Ne7 36. Qd7 Rb8 37. Rxa5 Ng8 38. Re5 Qb6 39. Rb5 Qa6 40.
Kh2 h6 41. Nd6 Rxb5 42. Nxb5 Qf6 43. Nd6 Qh4+ 44. Kg1 Qxh5 45. Qxf5 Qd1+ 46. Kh2 Nf6 47. f3 Qd2 48. Nf7+ Kg8 49. Ne5 Qxc3 50. Qe6+ Kh7 51. d5 Qd4 52. d6 Qf4+ 53. Kh3 h5 54. Nd3 Qg5 55. d7 h4 56. Kh2 Qg3+ 57. Kg1 Qc7 58. Qf5+ Kg8 59. Ne5 Qc1+ 60. Kh2 Qc7 61. Qe6+ Kh7 62.
f4 Qd8 63. Qf5+ Kg8 64. Qe6+ Kh7 65. Kh3 Kh6 66. Nf7+ Kh7 67. Nxd8 1-0

[Event "Late-Titled-Tuesday-Blitz-May-07-2024"]
[Site "Chess.com"]
[Date "2024.05.07"]
[Round "11"]
[White "FMalexhdez"]
[Black "protectiago"]
[Result "1-0"]
[WhiteElo "2232"]
[BlackElo "2074"]
[TimeControl "180+1"]
[EndTime "16:08:28 PDT"]
[Termination "FMalexhdez won by checkmate"]

1. e4 e5 2. Nf3 Nc6 3. Bc4 Bc5 4.
d3 Nf6 5. O-O d6 6. c3 Bb6 7.
Nbd2 Qe7 8. a4 a6 9. b4 Be6 10. a5 Ba7 11. h3 Nd8 12. Re1 c6 13. Qc2 h6 14. Nf1 O-O 15. Ng3 Bxc4 16. dxc4 Ne6 17.
Be3 Bxe3 18. Rxe3 Nf4 19. Ne2 N6h5 20. Nxf4 Nxf4 21. Rd1 Rad8 22. Ne1 Kh8 23. Nd3 Ne6 24. g3 Qf6 25. Kg2 Qg6 26. h4 f5 27. exf5 Rxf5 28. Kf1 Rdf8 29. Rd2 Rf3 30. Rxf3 Rxf3 31.
Ne1 Qxc2 32. Rxc2 Rf8 33. Rd2 Rd8 34. Ng2 Kg8 35. Ne3 g6 36. Ke2 Kf7 37. b5 Nc5 38. bxa6 bxa6 39. Rb2 Ke6 40. Rb6 Kd7 41. Nc2 Kc7 42. Nb4 Ne4 43. Nxa6+ Kd7 44. Rb7+ Ke6 45.
Nc7+ Kf5 46. a6 Nxc3+ 47. Kd3 Na4 48. Rb6 Nc5+ 49. Kc3 Nxa6 50. Rxa6 Ke4 51. Rxc6 Kf3 52. Ne6 Ra8 53. Rxd6 Kxf2 54. Rd5 Kxg3 55. Rxe5 Kxh4 56. c5 g5 57. c6 g4 58. c7 g3 59. Re4+ Kh3 60. Rc4 Rc8 61. Kd3 Kh2 62. Nf4 h5 63.
Ke3 h4 64. Rc2+ Kg1 65. Kf3 Rxc7 66. Rxc7 g2 67. Rc1+ Kh2 68. Nxg2 h3 69. Ne1 Kh1 70. Kg3 h2 71. Nf3# 1-0

[Event "Late-Titled-Tuesday-Blitz-May-07-2024"]
[Site "Chess.com"]
[Date "2024.05.07"]
[Round "11"]
[White "Hasangatin_Ramil"]
[Black "GMG"]
[Result "0-1"]
[WhiteElo "2691"]
[BlackElo "2829"]
[TimeControl "180+1"]
[EndTime "16:08:34 PDT"]
[Termination "GMG won on time"]

1. e4 e5 2. Nf3 Nc6 3. Bb5 a6 4. Ba4 Nf6 5. Bxc6 dxc6 6. d3 Nd7 7. Be3 Be7 8. Nbd2 f6 9. d4 exd4 10. Bxd4 Nf8 11. O-O Bg4 12. h3 Bh5 13. Be3 Ne6 14. Re1 Qd7 15. Nf1 O-O-O 16. Qxd7+ Rxd7 17. Ng3 Bxf3 18. gxf3 Rhd8 19. Kg2 g6 20. f4 Bd6 21. Kf3 Bb4 22. c3 Be7 23. f5 Nc5 24. Bxc5 Bxc5 25. Re2 Rd3+ 26. Kg2 Bd6 27. Rae1 Be5 28. fxg6 hxg6 29.
Re3 Rd2 30. R1e2 Rd1 31. Re1 Bf4 32. Rxd1 Rxd1 33. Re2 c5 34. Kf3 Bc1 35. h4 Kd7 36. h5 gxh5 37. Nxh5 Rd3+ 38. Kg4 Ke6 39. f4 Rd1 40.
Ng7+ Kf7 41. Nf5 Rg1+ 42. Ng3 Ke6 43. Kf3 c4 44. Rh2 b5 45. Rh6 Bxb2 46. e5 Bxc3 47. Rxf6+ Kd5 48. Nf5 Rf1+ 49. Ke3 b4 50. Ne7+ Kc5 51.
Rc6+ Kb5 52. Rxc7 Bb2 53. Rb7+ Kc5 54. Rc7+ Kb5 55. Rb7+ Ka4 56. Nc6 a5 57. Ra7 Kb5 58. Nxa5 Bc1+ 59. Ke4 Rxf4+ 60. Kd5 c3 61. Nb3 Be3 62.
Rb7+ Ka4 63. e6 Rf8 64. e7 Re8 65. Kd6 Ka3 66. Kd7 Rh8 67. e8=Q Rxe8 68. Kxe8 c2 69. Ra7+ Bxa7 0-1

[Event "Late-Titled-Tuesday-Blitz-May-07-2024"]
[Site "Chess.com"]
[Date "2024.05.07"]
[Round "11"]
[White "ChEsper99"]
[Black "TheDiscoOne"]
[Result "0-1"]
[WhiteElo "2297"]
[BlackElo "2487"]
[TimeControl "180+1"]
[EndTime "16:08:41 PDT"]
[Termination "TheDiscoOne won by resignation"]

1. Nf3 c5 2. g3 g6 3. Bg2 Bg7 4.
O-O Nf6 5. d4 cxd4 6. Nxd4 Nc6 7. Nxc6 bxc6 8. c4 O-O 9. Nc3 Qc7 10. Re1 d6 11. e4 Be6 12. Qa4 Rab8 13. Bd2 c5 14. b3 Bd7 15. Qa3 Bc6 16. Rad1 Nd7 17.
Nd5 Bxd5 18. exd5 Rfe8 19. Bg5 Bf6 20. Bxf6 Nxf6 21. Re2 Qd7 22. Rde1 e5 23. dxe6 Rxe6 24. Rxe6 fxe6 25. Bh3 Re8 26. Qb2 Kf7 27. Qd2 Re7 28. a3 Re8 29. b4 cxb4 30. axb4 d5 31. cxd5 Qxd5 32. Qc3 Re7 33. Qc8 Re8 34. Qc7+ Qd7 35. Rc1 Qxc7 36. Rxc7+ Re7 37. Rc6 Nd5 38. b5 Nc7 39. b6 axb6 40. Rxb6 Nd5 41. Ra6 Nb4 42. Rb6 Nd5 43. Ra6 Nc7 44. Ra7 Ne8 45. Ra8 Nf6 46. Kg2 h6 47. Kf3 e5 48. Bf1 e4+ 49. Kg2 g5 50. Bc4+ Kg6 51. Ra3 Rc7 52. Ba6 Ra7 53. Ra4 Rc7 54. Bb5 Rc2 55. Ra3 Rb2 56. Bc6 Rc2 57. Ra6 Kf5 58. Bb7 Ng4 59. Ra5+ Kf6 60. Bxe4 Rxf2+ 61. Kg1 Rb2 62. Rf5+ Ke6 63. Rf1 Nf6 64. Bf5+ Ke5 65. Bd3 Nd5 66. Bb5 Rxb5 67. Re1+ Kf5 68. Rf1+ Kg4 69. Re1 Rb2 70. Re6 h5 71. Re4+ Kh3 72. Rd4 Rb1+ 73. Kf2 Nf6 74.
Rd6 Ne4+ 0-1

[Event "Late-Titled-Tuesday-Blitz-May-07-2024"]
[Site "Chess.com"]
[Date "2024.05.07"]
[Round "11"]
[White "MagnusCarlsen"]
[Black "Hikaru"]
[Result "1-0"]
[WhiteElo "3217"]
[BlackElo "3222"]
[TimeControl "180+1"]
[EndTime "16:08:47 PDT"]
[Termination "MagnusCarlsen won by resignation"]

1. e4 e5 2. Nf3 Nc6 3. Bb5 Nf6 4. d3 Bc5 5. c3 d5 6. Nbd2 O-O 7. exd5 Qxd5 8. Bc4 Qd8 9. b4 Be7 10. O-O a6 11. a4 Nd5 12. Qc2 Re8 13. Re1 Bf8 14.
d4 Nb6 15. Bb3 Qf6 16. Ne4 Qg6 17. a5 Nd7 18. Nh4 Qh5 19. Ng5 Nd8 20. Nhf3 h6 21. Ne4 Qg6 22. Ng3 Qxc2 23. Bxc2 Nc6 24. Ba4 Bd6 25.
Nf5 Nf6 26. Nxd6 cxd6 27. dxe5 dxe5 28. Bxc6 bxc6 29. Rxe5 Bg4 30. Be3 Bxf3 31. Rxe8+ Rxe8 32. gxf3 Nd5 33. Bd2 Rd8 34. Kf1 Nxb4 35. cxb4 Rxd2 36. Rc1 Rd4 37. Rxc6 Rxb4 38. Rxa6 Ra4 39. Ke2 Ra3 40. f4 g5 41. Rxh6 Rxa5 42. Rh5 Ra2+ 43. Kf3 gxf4 44. Rg5+ Kh7 45. Rg4 f5 46. Rg5 Ra3+ 47. Kxf4 Rh3 48.
Rg2 Rh5 49. Ke5 Kh6 50. f4 Rh3 51. Kxf5 Ra3 52. Kg4 Ra1 53. Rg3 Kg6 54. h4 Kf6 55. h5 Rh1 56. Rh3 Rg1+ 57. Kf3 Rf1+ 58. Kg3 Kg7 59. Kg4 Rg1+ 60. Kf5 Ra1 61. h6+ Kh7 62. Kg5 Rg1+ 63. Kf6 Ra1 64. f5 Ra6+ 65. Kg5 Ra1 66. Rh4 Rg1+ 67. Rg4 Ra1 68. Re4 Rg1+ 69. Kf6 Ra1 70.
Re8 Ra5 71. Ke6 Ra6+ 72. Kf7 Ra5 73. f6 Kxh6 74. Kf8 Ra7 75. f7 Kh7 76. Re7 Ra8+ 77.
Re8 Ra7 78. Rd8 Ra2 79. Ke7 Kg6 80. f8=Q Re2+ 81. Kd7 Rd2+ 82. Qd6+ 1-0

[Event "Late-Titled-Tuesday-Blitz-May-07-2024"]
[Site "Chess.com"]
[Date "2024.05.07"]
[Round "11"]
[White "Firouzja2003"]
[Black "Msb2"]
[Result "1/2-1/2"]
[WhiteElo "3194"]
[BlackElo "3055"]
[TimeControl "180+1"]
[EndTime "16:08:53 PDT"]
[Termination "Game drawn by repetition"]

1. e4 e6 2. d4 d5 3. Nc3 Nf6 4. e5 Nfd7 5. f4 c5 6. Nf3 Nc6 7. Be3 Rb8 8. a3 cxd4 9. Nxd4 Bc5 10. Nce2 O-O 11. b4 Be7 12. c3 Nb6 13. Ng3 f6 14. Bd3 fxe5 15. Nxc6 bxc6 16. fxe5 Qe8 17. Qg4 Kh8 18. Nh5 Rf7 19. Rf1 Nd7 20. Bf4 Nf8 21.
Kd2 c5 22. Bg5 Rb7 23. Rxf7 Bxg5+ 24. Qxg5 Rxf7 25. Rf1 cxb4 26. axb4 h6 27. Qg4 Bd7 28. Rf3 Qe7 29. Rxf7 Qxf7 30. Qf4 Kg8 31. g4 Qe7 32. Ng3 Be8 33. Ne2 Bg6 34. Nd4 Bxd3 35. Kxd3 Ng6 36. Qe3 Qf7 37. Kc2 Qd7 38. b5 Qc8 39.
Nc6 Qb7 40. Qc5 Qf7 41. Qxa7 Qf3 42. Qc5 Qe4+ 43. Kb3 Qb1+ 44. Ka4 Nf4 45. Nb4 Qa1+ 46. Kb3 Qb1+ 47. Ka3 Qa1+ 48. Na2 Nd3 49. Qc8+ Kh7 50. b6 Qb2+ 51. Ka4 Qxa2+ 52. Kb5 Qb3+ 53. Kc6 Nxe5+ 54. Kd6 Nc4+ 55. Kxe6 Qxb6+ 56. Kxd5 Ne3+ 57. Ke4 Nc2 58. Qf5+ Qg6 59. c4 Nb4 60. c5 h5 61. gxh5 Qxf5+ 62. Kxf5 Kh6 63. Ke6 Kxh5 64. Kf7 g5 65. Kf6 g4 66.
Kf5 Kh4 67. Kf4 Nc6 68. Kf5 Kh3 69. Kf4 Kh4 70. Kf5 Nd8 71. Ke4 Kh3 72. Kf5 Nc6 73.
Kf4 Nd4 74. Ke5 Nb5 75. Kf4 Na7 76. Kf5 Kh4 77. Kf4 Nc6 1/2-1/2

[Event "Late-Titled-Tuesday-Blitz-May-07-2024"]
[Site "Chess.com"]
[Date "2024.05.07"]
[Round "11"]
[White "wannabe2700"]
[Black "merinasian"]
[Result "1-0"]
[WhiteElo "2572"]
[BlackElo "2471"]
[TimeControl "180+1"]
[EndTime "16:08:56 PDT"]
[Termination "wannabe2700 won by checkmate"]

1. a4 d6 2. Ra3 g6 3. g3 Bg7 4.
Bg2 e5 5. Rf3 Ne7 6. b3 O-O 7.
h4 f5 8. d3 d5 9. e4 dxe4 10.
dxe4 Qxd1+ 11. Kxd1 fxe4 12. Rxf8+ Bxf8 13. Bxe4 Nbc6 14.
h5 Bf5 15. Nc3 Rd8+ 16. Ke1 Nd4 17. hxg6 hxg6 18. Bxb7 Nxc2+ 19. Kf1 Bd3+ 20. Kg2 Ne1+ 21. Kh2 c6 22. Nh3 Nf3+ 23. Kg2 Nd4 24. a5 Nxb3 25. Be3 Nd4 26. a6 Nef5 27. Ng5 Be7 28. Nge4 Bc4 29. Bg5 Bd5 30. Bxe7 Nxe7 31. f3 Bxe4 32. Nxe4 Nef5 33.
Rc1 Rf8 34. Rc3 Kg7 35. Bxc6 Rc8 36. Bb7 Rxc3 37. Nxc3 Ne3+ 38. Kf2 Nc4 39. Be4 Kf6 40. Bd3 Nd6 41. Ke3 Ke6 42. Bxg6 Nc4+ 43. Kf2 Kd6 44. Bd3 Nb2 45. Bf1 Kc5 46. g4 Nc4 47. Ne4+ Kd5 48. g5 Nd6 49. g6 N6f5 50. Bh3 Kc6 51.
Ng3 Ng7 52. Ke3 Kb6 53. Ke4 Kxa6 54. Kxe5 Nxf3+ 55. Kf6 Ne8+ 56. Ke7 Ng7 57. Kf7 Ne5+ 58. Kxg7 Kb5 59. Kf6 Nxg6 60. Kxg6 a5 61. Ne4 a4 62.
Be6 a3 63. Nc3+ Kb4 64. Na2+ Ka4 65. Kf6 Kb5 66. Ke5 Kb6 67. Kd4 Kc7 68. Kc5 Kd8 69.
Kd6 Ke8 70. Nb4 Kf8 71. Ba2 Kg7 72. Ke5 Kh8 73. Kf6 Kh7 74. Nd5 Kh8 75. Nc3 Kh7 76. Nb5 Kh8 77. Nxa3 Kh7 78. Nc4 Kh8 79. Ne5 Kh7 80. Bd5 Kh8 81. Ng6+ Kh7 82. Bc4 Kh6 83. Bg8 Kh5 84. Ne5 Kh6 85. Ng4+ Kh5 86. Kf5 Kh4 87. Kf4 Kh5 88. Bf7+ Kh4 89. Ne3 Kh3 90. Be8 Kh4 91. Ng2+ Kh3 92. Kf3 Kh2 93. Kf2 Kh1 94. Bd7 Kh2 95.
Ne3 Kh1 96. Bc8 Kh2 97. Nf1+ Kh1 98. Bb7# 1-0

[Event "Late-Titled-Tuesday-Blitz-May-07-2024"]
[Site "Chess.com"]
[Date "2024.05.07"]
[Round "11"]
[White "ExchangeAB"]
[Black "HajiyevKanan"]
[Result "0-1"]
[WhiteElo "2410"]
[BlackElo "2556"]
[TimeControl "180+1"]
[EndTime "16:08:56 PDT"]
[Termination "HajiyevKanan won by resignation"]

1. d4 c6 2. e4 d5 3. exd5 cxd5 4. Bd3 Nc6 5. c3 Qc7 6. Nf3 Bg4 7. O-O e6 8. Nbd2 Bd6 9. h3 Bh5 10. Qc2 Nge7 11. Re1 Bg6 12. Bxg6 Nxg6 13. Nf1 O-O 14. Qe2 Rab8 15. a4 a6 16. Ne3 b5 17.
axb5 axb5 18. Ng4 b4 19. g3 bxc3 20. bxc3 Rb3 21. Bd2 Rb2 22. Kg2 Rfb8 23. h4 h5 24. Nge5 Bxe5 25. Nxe5 Ncxe5 26. dxe5 Qc4 27. Qxc4 dxc4 28. Be3 Nxe5 29. Bf4 Nd3 30. Bxb8 Nxe1+ 31. Rxe1 Rxb8 32. Re4 Rc8 33. Re5 g6 34. Kf3 Kg7 35.
Ra5 Kf6 36. Ke4 Rd8 37. Ra4 Rd2 38. f3 Rg2 39. Kf4 e5+ 40. Ke3 Rxg3 41. Rxc4 Rh3 42. Ra4 Kf5 43. Rb4 f6 44. Ra4 Rh1 45. Rb4 Rc1 46.
Kd2 Rf1 47. Ke2 Rc1 48. Kd2 Rh1 49. Ke3 g5 50. hxg5 fxg5 51. Rb8 Re1+ 52. Kf2 Rc1 53. Rf8+ Kg6 54. Rg8+ Kf6 55. Rf8+ Kg7 56. Re8 Rc2+ 57. Kg3 Rxc3 58. Rxe5 Kf6 59. Ra5 h4+ 60. Kg2 Kg6 61.
Ra8 Rc2+ 62. Kh3 Rf2 63. Ra3 Kh5 64. Rb3 Kg6 65. Kg4 Rg2+ 66. Kh3 Rg3+ 67. Kh2 Kf5 68.
Ra3 Kf4 69. Ra4+ Kxf3 70. Ra3+ Kg4 71. Ra4+ Kh5 72. Ra8 Re3 73. Rh8+ Kg4 74. Ra8 Re2+ 75. Kg1 Re3 76. Ra2 Kg3 77. Rg2+ Kf4 78. Rf2+ Rf3 79. Ra2 g4 80. Kg2 Rg3+ 81. Kh2 Re3 82. Kg2 h3+ 83. Kh2 Kg5 84. Ra8 Re2+ 85. Kh1 Kh4 86. Ra3 g3 87. Ra4+ Kg5 88. Ra5+ Kf4 89. Ra4+ Kf5 90. Ra5+ Re5 91. Ra1 Kf4 92. Rf1+ Kg4 93. Ra1 Re4 94. Rb1 h2 95. Kg2 Re2+ 96. Kh1 Kh3 97. Rg1 hxg1=Q+ 0-1